 Dungeon Crawl Stone Soup version 0.27.1-33-g824d729ab1 (webtiles) character file.

Game seed: 4569228171702139664

88 zeram the Sneak (level 4, -3/27 HPs)
             Began as an Octopode Enchanter on Nov 27, 2021.
             Shot with an arrow by a centaur (4 damage)
             ... on level 4 of the Dungeon.
             The game lasted 00:04:27 (2137 turns).

zeram the Sneak (Octopode Enchanter)                Turns: 2137, Time: 00:04:28

Health: -3/27      AC:  1    Str:  7    XL:     4   Next: 54%
Magic:  7/7        EV: 13    Int: 18    God:
Gold:   121        SH:  0    Dex: 12    Spells: 1/7 levels left

rFire    . . .     SeeInvis .   a - +3 dagger
rCold    . . .     Faith    .   (no shield)
rNeg     . . .     Spirit   .   (helmet restricted)
rPois    .         Reflect  .   d - amulet of magic regeneration
rElec    .         Harm     .   h - ring of resist corrosion
rCorr    +         Rampage  .   (no ring)
Will     .....                  (no ring)
Stlth    ++++......             (no ring)
HPRegen  0.09/turn              (no ring)
MPRegen  0.35/turn              (no ring)
                                (no ring)
                                (no ring)

@: no status effects
A: almost no armour, amphibious, 8 rings, camouflage 1, gelatinous body 1,
(nimble swimmer 1), tentacles
a: no special abilities


You were on level 4 of the Dungeon.
You visited 1 branch of the dungeon, and saw 4 of its levels.

You collected 121 gold pieces.

Inventory:

Hand Weapons
 a - a +3 dagger (weapon)
Missiles
 e - 2 throwing nets
Armour
 b - a +0 tower shield
Jewellery
 d - an amulet of magic regeneration (around mantle)
 h - a ring of resist corrosion (left tentacle)


   Skills:
 - Level 1.0 Short Blades
 - Level 2.0 Dodging
 + Level 7.3 Stealth
 - Level 2.0 Spellcasting
 - Level 3.0 Hexes


You had one spell level left.
You knew the following spells:

 Your Spells              Type           Power      Damage    Failure   Level
a - Corona                Hex            13%        N/A       5%          1
b - Ensorcelled Hibernat  Hex/Ice        14%        N/A       14%         2
c - Tukima's Dance        Hex            12%        N/A       16%         3

Your spell library contained the following spells:

 Spells                   Type           Power      Damage    Failure   Level
 Confusing Touch          Hex            12%        N/A       16%         3
 Dazzling Flash           Conj/Hex       14%        N/A       28%         3


Dungeon Overview and Level Annotations

Branches:
Dungeon (4/15)
 Temple: D:4-7

Altars:
Kikubaaqudgha


Innate Abilities, Weirdness & Mutations

You cannot wear most types of armour.
You are amphibious.
You can wear up to eight rings at the same time.
Your skin changes colour to match your surroundings (Stealth+).
Your rubbery body absorbs attacks. (AC +1, EV +1)
((You are camouflaged near water. (Stealth+)))
You have tentacles for arms and can constrict up to eight enemies at once.


Message History

You are too injured to fight recklessly!
You are too injured to fight recklessly!
You are too injured to fight recklessly!
Unknown command.
It was a potion of magic.
Magic courses through your body.
The centaur shoots an arrow.
The arrow misses you.
A hobgoblin comes into view.
You hear an angry hiss.
The centaur unwields a +0 shortbow.
The centaur completely misses you. The centaur closely misses you.
An endoplasm comes into view.
A ball python comes into view.
You hit the centaur but do no damage. The centaur misses you.
The centaur kicks you.
* * * LOW HITPOINT WARNING * * *
The centaur closely misses you. The centaur kicks you.
* * * LOW HITPOINT WARNING * * *
Unknown command.
You hit the centaur but do no damage. The centaur misses you.
The centaur kicks you.
* * * LOW HITPOINT WARNING * * *
Unknown command.
You barely miss the centaur. Your squeeze misses the centaur.
The centaur barely misses you. The centaur misses you.
Unknown command.
You hit the centaur but do no damage. You squeeze the centaur!
The centaur is heavily wounded.
The centaur hits you.
* * * LOW HITPOINT WARNING * * *
The centaur barely misses you.
The centaur hits you but does no damage.
The centaur barely misses you.
Unknown command.
Unknown command.
Unknown command.
You aren't carrying any scrolls.
You aren't carrying any potions.
The centaur wields a +0 shortbow.
The centaur shoots an arrow.
The arrow barely misses you.
The centaur shoots an arrow.
The arrow hits you.
You die...

.. #......#########
#. #...........#
#.###.......###.# .#
#...........# #.# ..
......>....# #.#
#.##..#######.###.#
#.....#........##.#
#$.#.#####..##.#
#..@........†..#
#....######.†#######
#.#### #..........
#c# ###.####### #S#
#........ #g#
######### ... ...
.$.


You could see a centaur.

Vanquished Creatures
  Jessica (D:2)
  An adder (D:4)
  A dart slug (D:1)
  A worm (D:2)
  3 ball pythons
  3 endoplasms
  7 giant cockroaches
  7 goblins
  2 hobgoblins
  2 jackals (D:4)
  A kobold (D:1)
  4 quokkas
  4 bats
  3 frilled lizards
  5 rats (D:1)
45 creatures vanquished.

Vanquished Creatures (others)
  4 withered plants (D:1)
4 creatures vanquished.

Grand Total: 49 creatures vanquished

Notes
Turn   | Place    | Note
-------+----------+-------------------------------------------
     0 | D:1      | zeram the Octopode Enchanter began the quest for the Orb.
     0 | D:1      | Reached XP level 1. HP: 11/11 MP: 3/3
   277 | D:1      | Reached XP level 2. HP: 17/17 MP: 5/5
   377 | D:1      | Reached skill level 5 in Stealth
   649 | D:1      | Reached XP level 3. HP: 18/21 MP: 6/6
   652 | D:1      | Learned a level 2 spell: Ensorcelled Hibernation
   693 | D:1      | Found a faded altar of an unknown god.
   954 | D:1      | Reached skill level 6 in Stealth
   962 | D:1      | Learned a level 3 spell: Tukima's Dance
  1217 | D:2      | Noticed Jessica
  1224 | D:2      | Killed Jessica
  1225 | D:2      | Reached XP level 4. HP: 27/27 MP: 7/7
  1684 | D:2      | Reached skill level 7 in Stealth
  1976 | D:3      | Found an ancient bone altar of Kikubaaqudgha.
  2061 | D:3      | You fall into a shaft and drop 1 floor!
  2127 | D:4      | Noticed a centaur
  2135 | D:4      | HP: 1/27 [centaur (3)]
  2137 | D:4      | Shot with an arrow by a centaur

Illustrated notes

Levels and vault maps discovered:
D:1:      dpeg_arrival_prison, layout_loops_ring,
          ebering_ecumenical_altar_petrified, chequers_serial_rivers_room_b
D:2:      layout_basic, uniq_jessica
D:3:      layout_loops_corners, kiku_gazebo_garden_becter
D:4:      layout_basic, minmay_temple_entry_ruins, item_on_display_a,
          uniq_edmund

Skill      XL: |  1  2  3  4 |
---------------+-------------+-----
Stealth        | 5 6 7 |  7.3
Short Blades   | |  1.0
Dodging        | |  2.0
Spellcasting   | |  2.0
Hexes          | |  3.0

Action                   |  1- 3 |  4- 6 || total
-------------------------+-------+-------++-------
Melee: Dagger            |    59 |    26 ||    85
       Constrict         |    11 |     3 ||    14
       Tentacles         |     6 |     3 ||     9
 Cast: Corona            |     1 |       ||     1
  Use: Scroll            |     3 |     3 ||     6
       Potion            |       |     1 ||     1
 Stab: Sleeping          |    12 |    10 ||    22
Armor: Skin              |     3 |     1 ||     4
Dodge: Dodged            |    31 |    20 ||    51
